Map: Lerilak Crest

Players

Javert

  • Race: Zerg Zerg

IIIIIIIIIIII - Winner!

  • Race: Terran Terran

VOD

Have the link to the VOD?

Description

Time

  • Played on: May 1, 2015, 12:25 a.m.
  • Length: 13:30
Show
View Real Time Build Order
Export as new Build Order

Javert Zerg 

Build Orders: Hatch First, Lurkers 

Get SALT Encoding   

  12  0:01  Drone  
  13  0:13  Overlord  
  13  0:20  Drone  
  14  0:32  Drone x2  
  16  0:50  Hatchery  
  16  0:54  Drone  
  16  0:57  Extractor  
  16  1:01  Drone  
  16  1:15  Spawning Pool  
  16  1:18  Drone  
  16  1:20  Drone  
  16  1:25  Drone  
  18  1:30  Drone  
  19  1:40  Drone  
  20  1:52  Drone  
  21  2:01  Metabolic Boost  
  21  2:02  Queen  
  21  2:05  Queen  
  25  2:13  Zergling x4  
  27  2:18  Overlord  
  27  2:28  Drone  
  28  2:41  Roach Warren, Extractor  
  26  2:44  Drone x4  
  26  2:49  Zergling x2  
  26  2:50  Zergling x2  
  32  2:58  Zergling x2  
  32  2:59  Zergling x2  
  34  3:09  Zergling x4  
  35  3:23  Zergling x4  
  35  3:26  Overlord  
  36  3:32  Overlord  
  36  3:37  Overlord  
  36  3:43  Overlord x2  
  36  3:51  Zergling x2  
  36  3:52  Zergling x6  
  37  3:58  Roach  
  37  3:59  Roach x2  
  44  4:02  Drone  
  44  4:11  Roach x2  
  44  4:14  Drone  
  49  4:25  Roach x3  
  55  4:39  Roach x3  
  57  4:55  Roach x4  
  54  5:07  Drone x4  
  54  5:08  Spore Crawler  
  54  5:11  Ravager x2  
  54  5:12  Ravager  
  58  5:16  Drone  
  58  5:19  Drone  
  60  5:29  Drone  
  61  5:38  Drone x6  
  64  5:51  Drone x2  
  50  6:00  Lair, Spore Crawler x2  
  50  6:01  Spore Crawler, Drone x2  
  47  6:08  Queen  
  45  6:12  Spore Crawler  
  44  6:21  Spore Crawler  
  44  6:23  Overlord x2, Extractor  
  42  6:25  Zergling x2  
  42  6:26  Zergling x6  
  46  6:36  Drone x5  
  49  7:03  Overseer  
  49  7:09  Hydralisk Den  
  49  7:12  Zergling x20  
  58  7:18  Spore Crawler  
  53  7:38  Drone x4  
  57  7:45  Hydralisk x5  
  57  7:49  Lurker Den  
  66  7:57  Hydralisk x2  
  66  8:09  Hydralisk x2  
  66  8:10  Hydralisk x3  
  76  8:15  Extractor  
  76  8:19  Overseer  
  75  8:21  Extractor  
  75  8:23  Hatchery  
  75  8:25  Extractor  
  72  8:29  Drone x5  
  72  8:30  Drone  
  78  8:42  Drone  
  78  8:43  Drone x3  
  82  8:55  Drone x5  
  87  9:08  Evolution Chamber  
  86  9:17  Overlord x3  
  86  9:21  Lurker  
  86  9:22  Lurker x3  
  90  9:24  Drone  
  90  9:25  Drone  
  92  9:36  Drone x4  
  92  9:37  Drone x9  
  104  9:41  Burrow  
  104  9:49  Zergling x6  
  107  10:06  Zergling x6  
  104  10:18  Drone x2  
  104  10:19  Drone x5  
  104  10:21  Overlord x2  
  111  10:34  Hydralisk  
  111  10:35  Hydralisk x2  
  117  10:39  Muscular Augments  
  117  10:44  Drone x3  
  76  11:20  Zergling x6  
  76  11:21  Zergling x14  
  84  11:31  Ventral Sacs  
  80  11:35  Queen x2  
  84  11:55  Drone x3  
  87  12:05  Roach Warren  
  87  12:07  Lurker x2  
  88  12:09  Zergling x10  
  88  12:10  Hatchery, Zergling x6  
  88  12:13  Extractor  
  81  12:48  Roach  
  81  12:49  Roach x10  
  99  12:59  Drone x2  
  99  13:02  Drone  
  99  13:03  Drone, Spire, Zergling x2  
  103  13:09  Spore Crawler  
Show
View Real Time Build Order
Export as new Build Order

IIIIIIIIIIII Terran - Winner!

Build Orders: Hellion Banshee, Mech 

Get SALT Encoding   

  12  0:00  SCV  
  13  0:13  SCV  
  14  0:17  Supply Depot  
  14  0:25  SCV  
  15  0:39  SCV  
  15  0:42  Barracks  
  16  0:50  Refinery  
  16  0:51  SCV  
  17  1:03  SCV  
  18  1:07  Supply Depot  
  18  1:15  SCV  
  19  1:28  Orbital Command, Marine  
  20  1:46  Marine  
  21  1:52  Factory  
  21  1:55  SCV  
  22  2:07  SCV  
  23  2:11  Barracks Reactor  
  23  2:16  Command Center  
  23  2:19  SCV  
  24  2:24  Supply Depot  
  24  2:31  SCV  
  25  2:37  Refinery  
  25  2:43  SCV  
  26  2:50  Hellion x2  
  30  2:54  Starport  
  30  2:55  SCV  
  31  3:08  SCV  
  31  3:11  Hellion  
  33  3:21  SCV, Hellion  
  33  3:22  Barracks Tech Lab  
  36  3:33  SCV, Hellion  
  39  3:38  Orbital Command  
  39  3:43  Hellion, Bunker  
  39  3:48  Banshee  
  44  3:53  Cloaking Field  
  43  4:00  Hellion  
  46  4:05  SCV  
  46  4:06  SCV  
  47  4:15  Supply Depot  
  47  4:17  Marine  
  47  4:18  SCV x2  
  50  4:30  Supply Depot, SCV  
  50  4:31  Banshee  
  54  4:36  Marine  
  54  4:37  SCV  
  58  4:38  Hellion  
  58  4:41  Hellion  
  58  4:42  SCV  
  58  4:43  Supply Depot  
  61  4:49  SCV  
  62  4:54  SCV  
  55  5:01  SCV  
  55  5:05  Hellion x2  
  55  5:06  SCV  
  56  5:13  SCV, Banshee  
  60  5:15  Supply Depot  
  60  5:23  SCV  
  60  5:25  SCV  
  62  5:35  SCV  
  49  5:51  SCV x2  
  49  5:54  Hellion  
  49  5:55  Hellion  
  44  5:57  Banshee  
  44  6:03  SCV x2  
  46  6:14  Command Center  
  46  6:15  SCV, Bunker  
  46  6:16  SCV, Hellion  
  50  6:27  SCV  
  50  6:28  SCV  
  50  6:29  Hellion  
  54  6:34  Armory  
  54  6:37  Hellion  
  54  6:39  SCV  
  57  6:40  SCV  
  58  6:50  Hellion  
  58  6:52  SCV  
  58  6:53  SCV  
  59  7:03  Banshee, Hellion  
  59  7:05  SCV  
  65  7:11  Hellion  
  67  7:15  Marine  
  67  7:20  SCV  
  67  7:22  Supply Depot x2  
  69  7:33  Marine  
  64  7:39  Hellion x2, Terran Vehicle and Ship Weapons Level 1  
  64  7:52  Factory x2  
  64  7:55  SCV x2  
  64  7:56  Orbital Command  
  66  8:04  Bunker, Hellbat x2  
  66  8:05  Barracks Tech Lab  
  70  8:06  Supply Depot  
  70  8:07  SCV  
  70  8:08  SCV  
  72  8:15  Refinery  
  72  8:16  Refinery  
  72  8:19  SCV  
  73  8:20  SCV, Armory  
  73  8:24  Engineering Bay  
  73  8:25  Hellbat x2  
  78  8:32  SCV x2  
  80  8:39  Starport Reactor  
  80  8:44  SCV x2  
  80  8:45  Siege Tank x2, Orbital Command  
  80  8:47  Hellion x2, Infernal Pre-Igniter  
  92  9:02  SCV x2  
  94  9:05  Hellion x11  
  94  9:08  Hellion x2  
  98  9:15  Supply Depot  
  98  9:16  SCV x2  
  100  9:19  Missile Turret  
  100  9:22  Siege Tank  
  103  9:31  SCV x3  
  106  9:34  Terran Vehicle And Ship Armor Level 1  
  106  9:43  SCV x2  
  108  9:49  Siege Tank  
  108  9:51  Terran Vehicle and Ship Weapons Level 2, Missile Turret, Hellbat x2  
  115  9:53  Sensor Tower  
  118  10:15  Hellbat x2  
  118  10:20  Viking x2  
  126  10:24  Thor  
  129  10:28  Refinery  
  129  10:29  Refinery  
  129  10:31  Supply Depot  
  129  10:32  Supply Depot  
  129  10:33  Supply Depot  
  129  10:49  Missile Turret  
  129  10:50  Viking  
  129  10:51  Thor  
  117  10:59  Viking  
  117  11:01  Hellion x2  
  117  11:08  Siege Tank  
  117  11:09  Missile Turret x2  
  104  11:20  Viking  
  104  11:22  Hellbat x2  
  110  11:29  Viking  
  104  11:32  Command Center  
  104  11:33  Command Center  
  102  11:41  Siege Tank x2  
  102  11:44  Hellion x2  
  112  11:50  Medivac  
  114  11:59  Medivac  
  116  12:02  SCV  
  116  12:04  SCV  
  116  12:05  Hellbat x2  
  122  12:10  Missile Turret x2  
  122  12:12  Hellion x4  
  122  12:15  SCV  
  123  12:16  SCV  
  124  12:27  SCV  
  124  12:29  SCV  
  126  12:30  Viking x2  
  126  12:49  Siege Tank x2  
  126  12:50  Hellbat x2  
  132  12:55  Command Center  
  132  13:00  Viking x2  
  136  13:26  Factory  
  137  13:29  Factory  
Tags
 
Add a new tag
Caveats
  • Supply blocks, unpowered buildings, or Contaminate may cause inaccurate times.
  • Supply counts are checked every 10 seconds.